 Dungeon Crawl Stone Soup version 0.30.1-3-gfc49f6343a (webtiles) character file.

Game seed: 14063438095914007173

32 Bronimir the Trooper (level 3, -1/29 HPs)
             Began as a Demonspawn Berserker on July 29, 2023.
             Was a Follower of Trog.
             Slain by Sigmund
             ... wielding a +0 scythe
              (9 damage)
             ... on level 3 of the Dungeon.
             The game lasted 00:01:29 (1229 turns).

Bronimir the Trooper (Demonspawn Berserker)         Turns: 1229, Time: 00:01:30

Health: -1/29      AC:  5    Str: 19    XL:     3   Next: 10%
Magic:  3/3        EV: 11    Int:  8    God:    Trog [*.....]
Gold:   117        SH:  0    Dex: 12    Spells: 2/2 levels left

rFire   . . .        a - +0 hand axe
rCold   . . .        (no shield)
rNeg    . . .        k - +0 ring mail
rPois   .            (no helmet)
rElec   .            (no cloak)
rCorr   .            (no gloves)
SInv    .            (no boots)
Will    .....        (no amulet) Stlth
                     (no ring)
HPRegen 0.24/turn    (no ring)
MPRegen 0.08/turn

%: no passive effects
@: confused, brilliant, flying
A: demonic magic 1, demonic touch 1
a: Renounce Religion, Berserk


You were on level 3 of the Dungeon.
You worshipped Trog.
Trog was aware of your devotion.
You visited 1 branch of the dungeon, and saw 3 of its levels.

You collected 117 gold pieces.

Inventory:

Hand Weapons
 a - a +0 hand axe (weapon)
Armour
 b - a +0 animal skin
 k - a +0 ring mail (worn)
Scrolls
 f - a scroll of teleportation {unknown}
 g - a scroll of amnesia {unknown}
 i - 2 scrolls of identify {unknown}
 j - 4 scrolls of vulnerability {unknown}
 l - a scroll of poison {unknown}
 m - a scroll of noise {unknown}
Potions
 c - 3 potions of flight
 d - a potion of haste {unknown}
 e - a potion of brilliance
 h - a potion of ambrosia {unknown}


   Skills:
 * Level 3.4 Fighting
 * Level 3.2 Axes
 * Level 2.2 Armour
 + Level 1.7 Dodging
 + Level 0.2 Stealth


You had 2 spell levels left.
You didn't know any spells.
Your spell library was empty.

Dungeon Overview and Level Annotations

Branches:
Dungeon (3/15)

Altars:

Annotations:
D:3 Robin, Sigmund


Innate Abilities, Weirdness & Mutations

Spells you cast may paralyse adjacent enemies.
Your touch may inflict minor irresistible damage on your foes.


Message History

The goblin shouts!
Robin hits you but does no damage. The goblin hits you with a +0 club.
Sigmund gestures wildly while chanting.
Sigmund flickers and vanishes!
Deactivating autopickup; reactivate with Ctrl-A.
You hit Robin.
Robin is lightly wounded.
You closely miss the goblin. You hit the goblin. You hit the hobgoblin.
You kill the hobgoblin!
Trog accepts your kill.
You miss something. Robin barely misses you.
The goblin hits you but does no damage. The goblin closely misses you.
You hear some strange, mumbled words.
You are confused.
You barely miss the goblin.
The goblin is severely wounded.
You miss Robin. You hit the goblin.
You kill the goblin!
Trog accepts your kill.
You completely miss something. You hit the goblin.
You kill the goblin!
Trog accepts your kill. Robin hits you with a +0 spear.
The goblin hits you with a +0 dagger.
* * * LOW HITPOINT WARNING * * *
Something hits you.
* * * LOW HITPOINT WARNING * * *
The goblin completely misses you. Robin closely misses you.
It was a potion of flight.
You feel very buoyant.
You fly up into the air.
Robin says, "A pitiful Demonspawn like you will never find the ORB!"
Robin hits you but does no damage.
You hear some strange, mumbled words.
A puff of flame appears from out of thin air!
The puff of flame misses you.
The puff of flame hits the goblin.
The goblin dies!
It was a potion of brilliance.
You feel clever all of a sudden. Robin throws the goblin at you!
Something hits you!
You die...

### .. ... ...
... .... #
#.###....
...........
#.#g....#
#####.#g{...#
#.......#@##
..####.))g#
..#.....))#
#.#.#..).)#
###.#.#.##.##
.<.#.#.##'##
.######...#.....#
..........#.....#
.######.#.#..[..#


You could see Robin, a hobgoblin (strong) and a goblin (strong).

Vanquished Creatures
  2 bats
  3 endoplasms
  2 giant cockroaches (D:2)
  8 goblins
  4 hobgoblins
  A kobold (D:2)
  A quokka (D:3)
  2 frilled lizards
  3 rats
26 creatures vanquished.

Vanquished Creatures (others)
  A goblin (D:3)
1 creature vanquished.

Grand Total: 27 creatures vanquished

Notes
Turn   | Place    | Note
-------+----------+-------------------------------------------
     0 | D:1      | Bronimir the Demonspawn Berserker began the quest for the
                  | Orb.
     0 | D:1      | Reached XP level 1. HP: 18/18 MP: 1/1
   661 | D:2      | Gained mutation: Spells you cast may paralyse adjacent
                  | enemies. [demonic ancestry]
   661 | D:2      | Reached XP level 2. HP: 18/24 MP: 2/2
  1219 | D:3      | Noticed Robin
  1223 | D:3      | Gained mutation: Your touch may inflict minor irresistible
                  | damage on your foes. [demonic ancestry]
  1223 | D:3      | Reached XP level 3. HP: 17/29 MP: 3/3
  1224 | D:3      | Noticed Sigmund
  1229 | D:3      | Slain by Sigmund

Illustrated notes

Levels and vault maps discovered:
D:1:      dpeg_arrival_rooms_a, layout_basic
D:2:      layout_rooms, shapermc_ecumenical_altar_petra,
          minmay_misc_feat_encased
D:3:      minmay_inner_zag, layout_basic, serial_shops, shop, minivault_4,
          minmay_tree_intersection, minmay_misc_feat_doors,
          minmay_misc_feat_rugged, nicolae_nh_oracle_at_delphi, uniq_robin,
          uniq_natasha, uniq_terence, uniq_sigmund

Skill      XL: |  1  2 |
---------------+-------+-----
Axes           | 3 |  3.2
Armour         | 2 |  2.2
Fighting       | |  3.4
Dodging        | |  1.7
Stealth        | |  0.2

Action                     || total
---------------------------++-------
  Melee: Hand axe          ||    60
    Use: Potion            ||     2
 Armour: Animal skin       ||     4
         Ring mail         ||    25
  Dodge: Dodged            ||    53
